Cogmind - Beta 11.1 @@@ ROGUE MODE // 2022.05.30 @ 16:11:40 Player: Demise Result: Destroyed by G-67 Veteran with Plasma Rifle Performance ------------- Evolutions (6) 3000 Regions Visited (21) 4200 Robots Destroyed (227) 1135 Value Destroyed (6599) 6599 Prototype IDs (50) 1000 Alien Tech Used (0) 0 Bonus (3244) 3244 TOTAL SCORE: 19178 Bonus ------- High Alert Combat Kills 188 Follower Combat Kills 37 Aligned with FarCom 300 Met Imprinter 300 Was Imprinted 300 Destroyed Z-Imprinter 1000 Met Warlord at Base 500 MAIN.C Attacked Warlord 500 Warlord Defense Kills 246 Friendly Fire -127 Cogmind --------- Core Integrity 0/1150 Matter 300/300 Energy 99/100 System Corruption 0% Temperature Cool (0) Movement Core (50) Location -4/Factory Parts ------- > --- POWER (2) -------- (None) > --- PROPULSION (6) --- (None) > --- UTILITY (9) ------ Improved Hacking Suite > --- WEAPON (2) ------- (None) > --- INVENTORY (5) ---- Energy Well (350) Spectral Analyzer Advanced Signal Interpreter Advanced Remote Datajack Peak State ------------ > --- POWER ------------ Vortex Chain Reactor > --- PROPULSION ------- Combat Gravmag System Combat Gravmag System Improved Antigrav System Cooled Antigrav System Cooled Antigrav System > --- UTILITY ---------- Advanced Power Amplifier Experimental Heat Sink Experimental Cooling System Enhanced Optical Array Improved Weapon Shielding Zionite Weapon Casing Advanced Remote Shield Improved Hacking Suite System Mapper > --- WEAPON ----------- Power Maul Power Maul > --- INVENTORY -------- Antigrav System Energy Well Spectral Analyzer Advanced Shield Generator Advanced Remote Datajack [Rating: 127] Favorites ----------- Power Cold Fusion Reactor Engine Cooled Ion Engine Power Core Nuclear Core Reactor Cold Fusion Reactor Propulsion Makeshift Leg Treads Light Treads Leg Makeshift Leg Wheel Wheel Hover Unit Hover Unit Utility Huge Storage Unit Device Seismic Detector Storage Huge Storage Unit Processor Experimental Targeting Computer Hackware Hacking Suite Protection Core Shielding Weapon Heavy Assault Rifle Energy Gun Zionite Laser-S Ballistic Gun Heavy Assault Rifle Ballistic Cannon Antimatter Cannon Launcher Mini Grenade Launcher Impact Weapon Power Maul Slashing Weapon Katana Piercing Weapon Makeshift Spear Special Melee Weapon Improved Datajack Build | -11 -10 -10 -9 -9 -9 -8 -8 -7 -7 -6 -6 -6 -6 -6 -5 -5 -5 -5 -5 -4 -4 ------- Run | Scr Mat Min Mat Min Exi Min Mat Fac Sto Fac Low Low Zio Dee Pro Fac Upp Upp War Pro Fac Slots Evolved 12 | . . . 2 . . . 2 2 . 2 . . . . . 2 . . . . 2 Power 1 | . . . . . . . . . . 1 . . . . . . . . . . . Propulsion 4 | . . . . . . . . . . 1 . . . . . 2 . . . . 1 Utility 7 | . . . 2 . . . 2 2 . . . . . . . . . . . . 1 Weapon . | . . . . . . . . . . . . . . . . . . . . . . Parts Attached 384 | 6 21 10 36 3 38 . 45 25 55 12 13 11 6 24 10 27 10 6 17 5 4 Power 26 | . 5 2 4 . 2 . 4 . 1 2 . . . 1 . 2 . . 3 . . Engine 11 | . 4 1 . . 1 . 3 . 1 . . . . . . 1 . . . . . Core 9 | . 1 1 4 . 1 . 1 . . . . . . . . . . . 1 . . Reactor 6 | . . . . . . . . . . 2 . . . 1 . 1 . . 2 . . Propulsion 71 | 2 2 3 6 1 8 . 6 2 8 1 . 1 3 6 . 8 4 . 8 1 1 Treads 2 | . . . . . . . . . 1 . . 1 . . . . . . . . . Leg 19 | . . . . . 4 . 2 . . . . . 3 3 . 2 4 . 1 . . Wheel 33 | 2 2 3 6 1 4 . 4 2 5 1 . . . . . 3 . . . . . Hover 17 | . . . . . . . . . 2 . . . . 3 . 3 . . 7 1 1 Flight . | . . . . . . . . . . . . . . . . . . . . . . Utility 172 | 2 4 1 14 2 18 . 21 16 28 6 7 5 2 10 9 7 4 4 5 4 3 Device 89 | 1 3 . 4 1 7 . 8 11 22 4 3 2 . 4 8 3 1 1 3 2 1 Storage 9 | 1 1 1 2 . 1 . . . . . . 1 . 1 . . . 1 . . . Processor 16 | . . . 1 . 2 . 4 2 1 . . . 1 2 . . 2 . . 1 . Hackware 8 | . . . . . . . 2 1 . . . . . . . 2 1 . . . 2 Protection 50 | . . . 7 1 8 . 7 2 5 2 4 2 1 3 1 2 . 2 2 1 . Artifact . | . . . . . . . . . . . . . . . . . . . . . . Weapon 115 | 2 10 4 12 . 10 . 14 7 18 3 6 5 1 7 1 10 2 2 1 . . Energy Gun 10 | 1 3 . 1 . . . . . . . . . . 2 1 2 . . . . . Energy Cannon . | . . . . . . . . . . . . . . . . . . . . . . Ballistic Gun 48 | 1 3 3 9 . 3 . 11 3 9 1 . 1 1 2 . 1 . . . . . Ballistic Cannon 7 | . . . . . . . . . 1 2 1 . . 2 . 1 . . . . . Launcher 18 | . 4 1 2 . 4 . 2 . 2 . 1 2 . . . . . . . . . Special Weapon . | . . . . . . . . . . . . . . . . . . . . . . Impact Weapon 19 | . . . . . . . . 3 5 . 4 2 . . . 2 1 1 1 . . Slashing Weapon 10 | . . . . . 3 . 1 . . . . . . 1 . 4 . 1 . . . Piercing Weapon 1 | . . . . . . . . . . . . . . . . . 1 . . . . Special Melee Weapon 2 | . . . . . . . . 1 1 . . . . . . . . . . . . Unidentified Prototypes 25 | . . . 1 . 4 . 2 . 2 2 . . . 7 1 . . . 5 . 1 Parts Lost 103 | . 2 2 7 . 13 2 9 1 2 1 1 9 . 12 3 24 . 2 1 . 12 Power 12 | . 1 1 1 . 1 . 1 . 1 1 . . . 1 . 3 . . . . 1 Propulsion 31 | . . 1 3 . 4 . 2 1 1 . . 3 . 3 1 8 . . . . 4 Utility 40 | . . . . . 5 2 3 . . . 1 5 . 6 . 9 . 2 1 . 6 Weapon 20 | . 1 . 3 . 3 . 3 . . . . 1 . 2 2 4 . . . . 1 Highest Loss Streak 16 | . 1 1 2 . 8 2 3 1 1 1 1 2 . 12 1 16 . 1 1 . 10 To Critical Strikes 5 | . . . . . 4 . . . . . . . . . . . . . . . 1 Average Slot Usage (%) 88 | . 97 91 99 100 90 82 92 99 99 92 91 77 82 91 86 69 31 66 81 94 74 Engine 2 | . 11 4 1 . 1 11 7 7 6 4 . . . . . . . . . . . Core 2 | . 1 8 9 11 9 . 1 . . . . . . . . . . . . . . Reactor 5 | . . . . . . . . . . 4 13 13 13 12 13 6 . . 3 5 4 Leg 4 | . . . . . 9 22 10 . . . . . 12 6 . . 6 23 14 . . Wheel 9 | . 28 20 21 22 11 . 7 14 14 17 20 4 . . . 3 . . . . . Hover 3 | . . . . . . . . . . . . . . 11 15 11 . . 12 29 20 Device 11 | . 13 14 10 11 11 5 16 13 12 13 15 3 . 9 25 16 . 3 9 19 16 Storage 8 | . 14 14 10 11 11 11 9 7 7 6 6 10 13 10 6 4 . 1 3 . . Processor 11 | . . . 1 . 5 . 7 17 23 20 13 13 16 20 13 9 13 17 14 8 5 Hackware 2 | . . . . . . . 7 15 8 5 . . . . . 2 3 5 5 5 9 Protection 9 | . . . 20 21 11 11 7 5 8 7 8 13 17 8 . . . 4 8 10 8 Energy Gun 2 | . 16 1 . . . . . . . . . . . 8 10 4 . . . . . Ballistic Gun 7 | . 9 13 21 22 16 22 17 8 11 1 . 2 . . . . . . . . . Ballistic Cannon 1 | . . . . . . . . . . 9 8 1 . 1 . 1 . . . . . Impact Weapon 2 | . . . . . . . . 5 2 1 3 7 6 . . 1 6 7 7 11 8 Naked Turns . | . . . . . . . . . . . . . . . . . . . . . . Heaviest Build 160 | 9 30 88 100 102 109 92 101 107 109 128 157 160 116 128 136 141 7 18 55 60 63 Greatest Support 110 | 32 32 32 35 33 59 59 50 26 26 36 36 36 60 60 32 42 80 80 110 66 66 Greatest Overweight (x) 37 | . 1 3 4 4 9 1 6 9 10 4 4 13 5 37 5 29 1 5 1 . 1 Average Overweight (x) 2 | . . 1 2 3 2 1 2 3 3 2 3 7 1 3 4 3 . . . . . Largest Inventory Capacity 25 | 8 15 25 25 25 25 25 25 25 25 25 25 25 25 25 25 25 5 5 5 5 5 Average Capacity 22 | 7 14 19 24 25 25 25 25 25 25 25 25 25 25 25 25 24 5 5 5 5 5 Most Carried 25 | 6 15 22 25 25 25 25 25 25 25 25 25 25 25 25 25 25 5 5 5 5 5 Average Carried 21 | 3 13 17 23 24 20 25 24 24 24 24 24 24 25 24 24 21 4 4 4 5 4 Final Capacity 25 | 8 15 25 25 25 25 25 25 25 25 25 25 25 25 25 25 5 5 5 5 5 5 Final Carried 25 | 6 15 22 24 25 25 25 25 25 25 25 25 24 25 25 24 5 5 5 5 5 4 Class Distribution -------------------- 58% | Scavenger-Mutant 28% | Mutant 11% | Derelict-Mutant Dominant Class ---------------- Mutant | -10/Materials Mutant | -10/Mines Mutant | -9/Materials Mutant | -9/Mines Mutant | -9/Exiles Scavenger-Mutant | -8/Mines Scavenger-Mutant | -8/Materials Scavenger-Mutant | -7/Factory Scavenger-Mutant | -7/Storage Scavenger-Mutant | -6/Factory Scavenger-Mutant | -6/Lower Caves Scavenger-Mutant | -6/Lower Caves Derelict-Mutant | -6/Zion Scavenger-Mutant | -6/Deep Caves Scavenger-Mutant | -5/Proximity Caves Scavenger-Mutant | -5/Factory Mutant | -5/Upper Caves Derelict-Mutant | -5/Upper Caves Derelict-Mutant | -5/Warlord Scavenger-Mutant | -4/Proximity Caves Hacker-Mutant | -4/Factory Resources | -11 -10 -10 -9 -9 -9 -8 -8 -7 -7 -6 -6 -6 -6 -6 -5 -5 -5 -5 -5 -4 -4 ----------- Run | Scr Mat Min Mat Min Exi Min Mat Fac Sto Fac Low Low Zio Dee Pro Fac Upp Upp War Pro Fac Matter Collected 8287 | 302 441 135 954 90 868 . 1086 314 839 266 356 745 226 456 212 74 129 88 636 50 20 Remotely 170 | . . . . . . . 112 . . . . . . . 58 . . . . . . Salvage Created 8116 | 177 644 54 1227 96 477 . 1641 582 977 195 192 523 . 191 70 459 . 16 76 129 390 Parts 457 | 14 35 10 93 5 61 . 77 12 44 16 8 15 . 7 1 18 . 1 2 6 32 Haulers Intercepted 10 | . 2 . 1 . . . 4 2 . . . . . . 1 . . . . . . Recyclers Shooed 9 | . 1 . 1 . . . 3 1 2 1 . . . . . . . . . . . Parts Field Recycled . | . . . . . . . . . . . . . . . . . . . . . . Retrieved Matter . | . . . . . . . . . . . . . . . . . . . . . . Parts Self-Destructed 25 | . . . . . . . . . . . 3 10 . . 6 . 1 . . 5 . Prevented 3 | . . . . . . . . . . . 2 . . . . . . . . 1 . Kills | -11 -10 -10 -9 -9 -9 -8 -8 -7 -7 -6 -6 -6 -6 -6 -5 -5 -5 -5 -5 -4 -4 ------- Run | Scr Mat Min Mat Min Exi Min Mat Fac Sto Fac Low Low Zio Dee Pro Fac Upp Upp War Pro Fac Combat Hostiles Destroyed 137 | . 15 7 25 2 1 . 24 2 18 1 6 10 . 4 . 10 . 1 2 4 5 Melee 16 | . . . . . 1 . . . 1 . . 3 . . . 4 . . 2 3 2 Guns 69 | . 4 1 22 2 . . 19 2 12 1 . 1 . 3 . 2 . . . . . Cannons 4 | . . . . . . . . . . . 1 . . 1 . 2 . . . . . AOE 40 | . 11 6 3 . . . 5 . 4 . 4 4 . . . . . . . . 3 Classes Destroyed 24 | 2 8 . 2 . 2 . . 1 1 . 3 2 . 2 . . . . . . 1 Worker 12 | . 1 . 4 . . . 3 . . 2 . . . . . . . . . . 2 Builder 15 | . 1 . 1 . . . . 2 4 4 . . . . . . . . . . 3 Tunneler 6 | 5 . . . . . . . . 1 . . . . . . . . . . . . Hauler 10 | . 2 . 1 . . . 4 2 . . . . . . 1 . . . . . . Recycler 15 | 1 2 . 1 . . . 3 4 3 1 . . . . . . . . . . . Minesweeper 1 | . . . . . . . . . . . 1 . . . . . . . . . . Mechanic 2 | . 1 . . . . . . . . . . . . . . 1 . . . . . Operator 5 | . 1 . 2 . . . . 1 . 1 . . . . . . . . . . . Turret 1 | . . . . . 1 . . . . . . . . . . . . . . . . Watcher 14 | . 2 . 4 . . . 3 1 1 1 . . . . . . . . . . 2 Swarmer 26 | . 3 6 7 . . . 3 . . . 4 . . . . . . . 1 2 . Cutter 2 | . . . . . . . . . . . . . . . . . . . . . 2 Grunt 61 | . 12 1 10 1 . . 15 . 8 . 1 4 . . . 7 . . . . 2 Duelist 5 | . . . 1 1 . . 2 . 1 . . . . . . . . . . . . Sentry 16 | . . . 7 . . . 4 . 4 . . 1 . . . . . . . . . Hunter 4 | . . . . . . . . . 3 . . . . . . . . . . . 1 Programmer 13 | . . . . . . . . 2 2 1 . 2 . . . 3 . . 1 2 . Zionite 8 | . . . . . 8 . . . . . . . . . . . . . . . . Z-Technician 1 | . . . . . . . . . . . . . . 1 . . . . . . . Z-Light 1 | . . . . . . . . . . . . . . 1 . . . . . . . Packrat 3 | . . . . . . . . . . . 1 2 . . . . . . . . . Samaritan 1 | . . . . . . . . . . . . 1 . . . . . . . . . Tinkerer 1 | . . . . . . . . . . . 1 . . . . . . . . . . Master Thief 4 | . . . . . . . . . . . . 3 . . . . . 1 . . . Assembled 2 | . . . . . . . . . . . . . . 2 . . . . . . . Wasp 1 | . . . . . . . . . . . . . . 1 . . . . . . . Mutant 1 | . . . . . . . . . . . 1 . . . . . . . . . . Best Kill Streak 8 | 5 8 3 7 2 6 . 8 5 6 4 4 4 . 1 1 4 . 1 1 1 7 Combat Bots Only 7 | . 4 3 7 2 1 . 3 1 3 1 4 4 . 1 . 4 . 1 1 1 2 Max Kills in Single Turn 4 | 1 2 3 2 1 1 . 3 1 2 4 3 1 . 1 1 1 . 1 1 1 4 Gunslinging . | . . . . . . . . . . . . . . . . . . . . . . Exploded 3 | . 2 3 2 . . . 2 . 2 . 3 1 . . . . . . . . 1 Melee 1 | . . . . . 1 . . . 1 . . 1 . . . 1 . . 1 1 1 Uniques/NPCs Destroyed 5 | . . . . . 4 . . . . . . . . 1 . . . . . . . 8R-AWN (-9/Exiles) EX-DEC (-9/Exiles) EX-BIN (-9/Exiles) EX-HEX (-9/Exiles) Z-Imprinter (-6/Deep Caves) Combat | -11 -10 -10 -9 -9 -9 -8 -8 -7 -7 -6 -6 -6 -6 -6 -5 -5 -5 -5 -5 -4 -4 -------- Run | Scr Mat Min Mat Min Exi Min Mat Fac Sto Fac Low Low Zio Dee Pro Fac Upp Upp War Pro Fac Damage Taken 15686 | . 420 146 1105 22 1598 291 1237 191 892 60 410 1275 . 1774 535 2342 65 192 439 477 2215 Core 3671 | . 133 34 92 . 233 68 227 46 147 . 17 100 . 451 44 692 49 21 83 76 1158 Absorbed by Shields 912 | . . . . . . . . . . . . . . . 133 493 . . 47 156 83 Redirected to Shielding 793 | . . . 18 . 53 13 6 . . . . 49 . 107 . 141 . 77 99 34 196 Regen/Repaired (Parts) 922 | . 33 . 601 . . . 45 . 98 . . . . . . 145 . . . . . Core Remaining (%) 42 | 100 . 33 . . . 1 58 . 72 . . . . . 28 . . . . 7 . Volleys Fired 560 | 14 57 5 98 7 52 . 106 10 47 25 36 28 . 31 12 32 . . . . . Largest 2 | 2 2 2 2 2 2 . 2 2 2 2 2 2 . 2 2 2 . . . . . Hottest 120 | 60 90 90 46 46 46 . 53 53 56 80 80 76 . 120 120 100 . . . . . Shots Fired 960 | 28 91 9 191 14 83 . 201 18 85 34 42 31 . 62 26 45 . . . . . Gun 786 | 28 74 6 187 14 69 . 196 18 81 8 . 4 . 49 26 26 . . . . . Cannon 115 | . . . . . . . . . . 26 38 19 . 13 . 19 . . . . . Launcher 59 | . 17 3 4 . 14 . 5 . 4 . 4 8 . . . . . . . . . Special . | . . . . . . . . . . . . . . . . . . . . . . Kinetic 762 | 14 28 2 187 14 69 . 196 18 81 34 38 23 . 29 . 29 . . . . . Thermal 139 | 14 46 4 . . . . . . . . . . . 33 26 16 . . . . . Explosive 59 | . 17 3 4 . 14 . 5 . 4 . 4 8 . . . . . . . . . Electromagnetic . | . . . . . . . . . . . . . . . . . . . . . . Robot Hit Streak 26 | 5 12 3 17 2 8 . 23 5 26 8 5 4 . 8 8 9 . . . . . Robot Miss Streak 10 | 1 3 3 4 4 5 . 3 2 10 6 3 1 . 5 1 2 . . . . . Penetration Max 2 | . . . . . . . . . . . . . . 2 . 1 . . . . . Secondary Targets 3 | . . 1 1 1 . . . . . . . . . . . . . . . . . Max Gunslinging Chain 1 | . . 1 1 1 . . . . . . . . . . . . . . . . . Shots Hit Robots 698 | 18 46 3 127 5 84 . 142 27 74 16 18 22 . 21 7 61 . 3 7 10 7 Core Hits 414 | 7 42 10 59 3 29 . 65 8 89 12 12 13 . 10 1 13 . . 1 2 38 Critical Kills 10 | . . . . . 1 . . 1 1 . . 3 . 1 . 2 . . . 1 . Critical Parts Destroyed 23 | . . . . . . . 2 6 2 . . 4 . 1 . 7 . . . 1 . Critical Strikes 45 | . 3 1 . . 4 . 2 7 3 . . 7 . 3 . 13 . . . 2 . Burn 4 | . 3 1 . . . . . . . . . . . . . . . . . . . Destroy 12 | . . . . . 1 . 2 . . . . 1 . 3 . 5 . . . . . Blast 3 | . . . . . . . . . . . . . . . . 3 . . . . . Smash 23 | . . . . . . . . 7 3 . . 6 . . . 5 . . . 2 . Sever 3 | . . . . . 3 . . . . . . . . . . . . . . . . Melee Attacks 294 | . . . . . 52 . 3 38 20 2 6 27 11 1 . 38 9 8 12 40 27 Impact 221 | . . . . . . . . 37 20 2 6 27 11 1 . 21 9 8 12 40 27 Slashing 72 | . . . . . 52 . 3 . . . . . . . . 17 . . . . . Piercing . | . . . . . . . . . . . . . . . . . . . . . . Sneak Attacks 19 | . . . . . . . . 10 4 . . 4 . . . . . . 1 . . Combat Hostiles 1 | . . . . . . . . . . . . . . . . . . . 1 . . Follow-up Attacks 11 | . . . . . 2 . . . . . . . . . . 3 . 1 . 4 1 Damage Inflicted 22579 | 226 1789 377 2176 98 2711 25 2736 1287 2217 856 1079 1788 . 701 192 1818 . 143 381 432 1547 Guns 8329 | 226 520 47 1952 98 587 . 2283 258 1332 132 . 28 . 437 192 237 . . . . . Cannons 1806 | . . . . . . . . . . 347 531 34 . 264 . 630 . . . . . Explosions 5404 | . 1269 330 224 . 304 . 453 . 382 377 183 697 . . . . . . . . 1185 Melee 6980 | . . . . . 1820 . . 1029 483 . 365 1029 . . . 936 . 143 381 432 362 Ramming 60 | . . . . . . 25 . . 20 . . . . . . 15 . . . . . Kinetic 9027 | 112 161 . 1952 98 587 . 2283 258 1332 479 531 62 . 388 . 784 . . . . . Thermal 1668 | 114 359 47 . . . . . . . . . . . 313 192 83 . . . . 560 Explosive 4219 | . 1269 330 224 . 304 . 453 . 382 377 183 697 . . . . . . . . . Electromagnetic 625 | . . . . . . . . . . . . . . . . . . . . . 625 Impact 4922 | . . . . . . . . 1029 483 . 365 1029 . . . 698 . 143 381 432 362 Slashing 2058 | . . . . . 1820 . . . . . . . . . . 238 . . . . . Piercing . | . . . . . . . . . . . . . . . . . . . . . . Highest Corruption 8 | . 2 2 . . . . . . . . 1 8 8 8 8 6 6 6 6 3 . Average Corruption 5 | . 2 2 . . . . . . . . 1 5 8 8 8 2 6 6 1 1 . Corruption Purged . | . . . . . . . . . . . . . . . . . . . . . . Corruption Blocked 2 | . . . . . . . . 1 . 1 . . . . . . . . . . . Effects 267 | . 7 9 . . . . . . . . 1 43 61 58 44 6 11 20 2 5 . Message Errors 60 | . 1 . . . . . . . . . . 7 20 12 11 2 1 5 . 1 . Matter Fused 85 | . 1 2 . . . . . . . . 1 19 18 18 14 1 5 6 . . . Heat Flow Errors 28 | . 1 . . . . . . . . . . 4 7 5 7 . 1 2 . 1 . Energy Discharges 39 | . 1 5 . . . . . . . . . 4 9 9 6 2 . 2 1 . . Parts Rejected 2 | . 1 . . . . . . . . . . . . . . . . . . 1 . Data Loss (minor) 29 | . 1 2 . . . . . . . . . 4 4 4 4 1 3 4 . 2 . Data Loss (major) 10 | . 1 . . . . . . . . . . 2 3 3 . . . 1 . . . Misfires 8 | . . . . . . . . . . . . 2 . 4 2 . . . . . . Alerts 5 | . . . . . . . . . . . . 1 . 2 . . 1 . 1 . . Weapon Failures 1 | . . . . . . . . . . . . . . 1 . . . . . . . Overload Shots . | . . . . . . . . . . . . . . . . . . . . . . Overflow Damage 2555 | . 47 31 1 . 40 . 26 578 228 149 103 606 . 19 . 317 . 39 12 141 218 Projectiles 190 | . . . . . . . . . . 36 83 . . 19 . 52 . . . . . Explosions 506 | . 47 31 1 . 26 . 26 . . 113 . 98 . . . . . . . . 164 Melee 1859 | . . . . . 14 . . 578 228 . 20 508 . . . 265 . 39 12 141 54 Knockbacks 33 | . . . . . . . . 3 1 1 4 4 . 1 . 14 . 1 1 1 2 Impact 16 | . . . . . . . . 3 1 . . 4 . . . 3 . 1 1 1 2 Kinetic 15 | . . . . . . . . . . 1 4 . . 1 . 9 . . . . . Secondary 2 | . . . . . . . . . . . . . . . . 2 . . . . . Self-Inflicted Damage 415 | . 10 69 40 . 70 . 48 . 10 . 54 108 . . . 6 . . . . . Shots 14 | . 1 3 1 . 2 . 1 . . . 2 4 . . . . . . . . . Rammed 5 | . . . . . . . . . 1 . . . . . . 4 . . . . . Targets Rammed 10 | . . . . . . 5 . . 1 . . . . . . 4 . . . . . Kicked 5 | . . . . . . 5 . . . . . . . . . . . . . . . Crushed . | . . . . . . . . . . . . . . . . . . . . . . Highest Temperature 264 | . 255 84 62 9 36 1 217 19 68 2 20 264 214 246 253 40 99 128 . 156 . Average Temperature 44 | . 41 37 20 5 15 1 49 19 14 1 5 76 91 64 90 18 59 64 . 114 . Received Heat Transfer 4100 | . 204 24 390 12 . 90 522 9 345 . 63 349 . 524 43 1068 9 78 38 21 311 Siege Activations . | . . . . . . . . . . . . . . . . . . . . . . Robots Corrupted . | . . . . . . . . . . . . . . . . . . . . . . Combat Hostiles . | . . . . . . . . . . . . . . . . . . . . . . Parts Fried 23 | . . . . . . . . 10 3 . 1 3 . . . . . 2 . . 4 Impact Corruptions 63 | . . . . . . . . 12 9 . 1 21 . . . 8 . 2 2 6 2 Robots Melted . | . . . . . . . . . . . . . . . . . . . . . . Combat Hostiles . | . . . . . . . . . . . . . . . . . . . . . . Parts Melted 4 | . 3 . . . . . . . . . . . . 1 . . . . . . . Heat Transferred 2920 | 250 1234 198 . . . . . . . . . . . 407 259 222 . . . . 350 Parts Sabotaged . | . . . . . . . . . . . . . . . . . . . . . . Parts Stolen 3 | . . . . . . . . . . . . 2 . . . . . 1 . . . Parts Stripped . | . . . . . . . . . . . . . . . . . . . . . . Power Chain Reactions . | . . . . . . . . . . . . . . . . . . . . . . Missiles Intercepted . | . . . . . . . . . . . . . . . . . . . . . . Alert | -11 -10 -10 -9 -9 -9 -8 -8 -7 -7 -6 -6 -6 -6 -6 -5 -5 -5 -5 -5 -4 -4 ------- Run | Scr Mat Min Mat Min Exi Min Mat Fac Sto Fac Low Low Zio Dee Pro Fac Upp Upp War Pro Fac Peak Influence 670 | 30 477 255 630 262 . 15 568 245 311 240 . . . . . 159 . . . . 670 Initial 229 | . 19 127 72 212 . . . 229 57 141 . . . . . . . . . . . Average 221 | 14 333 208 385 171 . 4 260 112 168 163 . . . . . 25 . . . . 259 Maximum Alert Level 2 | . 2 1 2 1 . . 2 1 1 1 . . . . . . . . . . 2 Low Security (%) 50 | 100 8 50 22 41 . 100 51 72 65 52 . . . . . 100 . . . . 56 Level 1 31 | . 65 49 24 58 . . 15 27 34 47 . . . . . . . . . . 12 Level 2 17 | . 25 . 53 . . . 33 . . . . . . . . . . . . . 31 Level 3 . | . . . . . . . . . . . . . . . . . . . . . . Level 4 . | . . . . . . . . . . . . . . . . . . . . . . Level 5 . | . . . . . . . . . . . . . . . . . . . . . . High Security . | . . . . . . . . . . . . . . . . . . . . . . Max Security . | . . . . . . . . . . . . . . . . . . . . . . Squads Dispatched 52 | . 5 . 9 . . . 3 6 7 10 . . . . . 6 . . . . 6 Investigation 26 | . 5 . 5 . . . 1 3 3 5 . . . . . 1 . . . . 3 Extermination 7 | . . . . . . . . 2 2 1 . . . . . 2 . . . . . Reinforcement 10 | . . . 3 . . . . 1 2 1 . . . . . 1 . . . . 2 Assault 4 | . . . 1 . . . 2 . . . . . . . . . . . . . 1 Garrison 5 | . . . . . . . . . . 3 . . . . . 2 . . . . . Intercept . | . . . . . . . . . . . . . . . . . . . . . . Searches Triggered . | . . . . . . . . . . . . . . . . . . . . . . Construction Impeded 1 | . . . . . . . . . . . . . . . . . . . . . 1 Haulers Reinforced 2 | . . . . . . . . 1 1 . . . . . . . . . . . . Active Scanning Responses . | . . . . . . . . . . . . . . . . . . . . . . Cargo Convoy Interrupts . | . . . . . . . . . . . . . . . . . . . . . . Stealth | -11 -10 -10 -9 -9 -9 -8 -8 -7 -7 -6 -6 -6 -6 -6 -5 -5 -5 -5 -5 -4 -4 --------- Run | Scr Mat Min Mat Min Exi Min Mat Fac Sto Fac Low Low Zio Dee Pro Fac Upp Upp War Pro Fac Distress Signals 14 | . 2 1 3 . . . 5 1 1 . . . . . . . . . . . 1 Communications Jammed . | . . . . . . . . . . . . . . . . . . . . . . Distress Signals . | . . . . . . . . . . . . . . . . . . . . . . Times Spotted 392 | . 24 8 47 2 35 7 48 13 21 7 7 11 . 10 15 23 13 7 45 7 42 Peak Tracking Total 17 | . 4 3 6 2 9 7 6 6 4 3 4 4 . 3 5 9 10 4 16 3 17 Tactical Retreats 31 | . . . . . 4 . 4 3 . . 1 . . 2 1 2 4 2 . 1 7 Traps | -11 -10 -10 -9 -9 -9 -8 -8 -7 -7 -6 -6 -6 -6 -6 -5 -5 -5 -5 -5 -4 -4 ------- Run | Scr Mat Min Mat Min Exi Min Mat Fac Sto Fac Low Low Zio Dee Pro Fac Upp Upp War Pro Fac Traps Triggered 11 | . 3 . 2 . . . . 1 2 1 . . . . . 1 . . . . 1 Indirectly 1 | . . . . . . . . . . . . . . . . . . . . . 1 Trap Hack Attempts 1 | . . . . . . . . . 1 . . . . . . . . . . . . Triggered . | . . . . . . . . . . . . . . . . . . . . . . Disarmed . | . . . . . . . . . . . . . . . . . . . . . . Reprogrammed 1 | . . . . . . . . . 1 . . . . . . . . . . . . Reused . | . . . . . . . . . . . . . . . . . . . . . . Traps Extracted . | . . . . . . . . . . . . . . . . . . . . . . Installed . | . . . . . . . . . . . . . . . . . . . . . . Triggered 11 | . . . . . . . . . . . 1 . . . 1 . . . 9 . . Exploded 3 | . . . . . 3 . . . . . . . . . . . . . . . . Time Bombs Activated 1 | . . . . . . . . . . . . . . . . . . . 1 . . Exploded 1 | . . . . . . . . . . . . . . . . . . . 1 . . Machines | -11 -10 -10 -9 -9 -9 -8 -8 -7 -7 -6 -6 -6 -6 -6 -5 -5 -5 -5 -5 -4 -4 ---------- Run | Scr Mat Min Mat Min Exi Min Mat Fac Sto Fac Low Low Zio Dee Pro Fac Upp Upp War Pro Fac Machines Disabled 39 | . 2 2 3 . 7 . 3 . 1 4 2 . . 1 . 1 . . . . 13 Max in Single Turn 5 | . 1 1 1 . 1 . 1 . 1 4 1 . . 1 . 1 . . . . 5 Machines Sabotaged . | . . . . . . . . . . . . . . . . . . . . . . Garrisons Compromised . | . . . . . . . . . . . . . . . . . . . . . . Overloaded Fab Kills . | . . . . . . . . . . . . . . . . . . . . . . Hacking | -11 -10 -10 -9 -9 -9 -8 -8 -7 -7 -6 -6 -6 -6 -6 -5 -5 -5 -5 -5 -4 -4 --------- Run | Scr Mat Min Mat Min Exi Min Mat Fac Sto Fac Low Low Zio Dee Pro Fac Upp Upp War Pro Fac Machines Accessed 74 | . 9 . 12 1 2 . 10 15 5 7 1 . . . . 2 1 . 2 . 7 Terminals 40 | . 6 . 8 . . . 7 9 3 3 . . . . . 1 . . . . 3 Fabricators 2 | . . . . . . . . 1 . 1 . . . . . . . . . . . Repair Stations 7 | . 1 . 2 . . . 1 . 1 . . . . . . 1 . . . . 1 Recycling Units 12 | . 2 . 2 . . . 1 3 1 2 . . . . . . . . . . 1 Scanalyzers 3 | . . . . . . . 1 1 . . . . . . . . . . . . 1 Garrison Access 3 | . . . . . . . . 1 . 1 . . . . . . . . . . 1 Total Hacks 222 | . 36 . 42 1 2 . 33 45 10 20 1 . . . . 6 1 . 8 . 17 Successful 122 | . 15 . 23 1 2 . 21 21 5 11 1 . . . . 3 1 . 8 . 10 Failed 99 | . 20 . 19 . . . 12 24 5 9 . . . . . 3 . . . . 7 Catastrophic 14 | . 3 . 1 . . . 1 5 1 . . . . . . 2 . . . . 1 Database Lockouts 1 | . 1 . . . . . . . . . . . . . . . . . . . . Manual 135 | . 25 . 29 . 1 . 24 28 7 11 . . . . . 2 . . 2 . 6 Terminals 134 | . 23 . 29 . . . 26 32 7 8 . . . . . 2 . . . . 7 Fabricators 4 | . . . . . . . . 2 . 2 . . . . . . . . . . . Repair Stations 21 | . 7 . 4 . . . 2 . 2 . . . . . . 4 . . . . 2 Recycling Units 33 | . 6 . 9 . . . 2 5 1 6 . . . . . . . . . . 4 Scanalyzers 9 | . . . . . . . 3 4 . . . . . . . . . . . . 2 Garrison Access 8 | . . . . . . . . 2 . 4 . . . . . . . . . . 2 Terminal Hacks 44 | . 3 . 10 1 2 . 8 6 1 2 1 . . . . . 1 . 8 . 1 Record 9 | . . . . . 1 . . . . . . . . . . . . . 8 . . Part Schematic 3 | . . . 1 . . . 2 . . . . . . . . . . . . . . Robot Schematic 1 | . . . . . . . . 1 . . . . . . . . . . . . . Robot Analysis 9 | . 2 . 4 . . . 2 1 . . . . . . . . . . . . . Open Door 3 | . . . . 1 . . . . . . 1 . . . . . 1 . . . . Branch Access Points 3 | . . . . . . . 1 1 . 1 . . . . . . . . . . . Machine Index 1 | . . . . . . . . . . . . . . . . . . . . . 1 Terminal Index 4 | . 1 . 1 . . . 1 1 . . . . . . . . . . . . . Fabricator Index 2 | . . . . . . . . 1 . 1 . . . . . . . . . . . Scanalyzer Index 1 | . . . . . . . 1 . . . . . . . . . . . . . . Locate Traps 2 | . . . 2 . . . . . . . . . . . . . . . . . . Recall Investigation 1 | . . . . . . . . . 1 . . . . . . . . . . . . Recall Reinforcements 1 | . . . 1 . . . . . . . . . . . . . . . . . . Zone Layout 3 | . . . 1 . . . 1 1 . . . . . . . . . . . . . EX-Prototype ID Bank 1 | . . . . . 1 . . . . . . . . . . . . . . . . Fabricator Hacks 2 | . . . . . . . . . . 2 . . . . . . . . . . . Load Schematic 1 | . . . . . . . . . . 1 . . . . . . . . . . . Build 1 | . . . . . . . . . . 1 . . . . . . . . . . . Repair Station Hacks 16 | . 4 . 4 . . . 2 . 2 . . . . . . 3 . . . . 1 Scan Component 8 | . 2 . 2 . . . 1 . 1 . . . . . . 1 . . . . 1 Repair 7 | . 2 . 2 . . . 1 . 1 . . . . . . 1 . . . . . Refit 1 | . . . . . . . . . . . . . . . . 1 . . . . . Recycling Unit Hacks 13 | . 2 . 2 . . . 1 3 1 3 . . . . . . . . . . 1 Retrieve Components 13 | . 2 . 2 . . . 1 3 1 3 . . . . . . . . . . 1 Scanalyzer 6 | . . . . . . . 3 2 . . . . . . . . . . . . 1 Insert Component 3 | . . . . . . . 1 1 . . . . . . . . . . . . 1 Analyze 3 | . . . . . . . 2 1 . . . . . . . . . . . . . Garrison Access Hacks . | . . . . . . . . . . . . . . . . . . . . . . Unauthorized Hacks 41 | . 6 . 7 . . . 7 10 1 4 . . . . . . . . . . 6 Terminals 24 | . 4 . 5 . . . 6 5 1 1 . . . . . . . . . . 2 Track 1 | . . . 1 . . . . . . . . . . . . . . . . . . Assimilate 1 | . . . . . . . . 1 . . . . . . . . . . . . . Botnet 18 | . 3 . 4 . . . 5 4 1 1 . . . . . . . . . . . Detonate 2 | . . . . . . . . . . . . . . . . . . . . . 2 Operators 2 | . 1 . . . . . 1 . . . . . . . . . . . . . . Fabricators 1 | . . . . . . . . 1 . . . . . . . . . . . . . Haulers 1 | . . . . . . . . 1 . . . . . . . . . . . . . Repair Stations . | . . . . . . . . . . . . . . . . . . . . . . Recycling Units 10 | . 2 . 2 . . . 1 2 . 1 . . . . . . . . . . 2 Recyclers 4 | . . . 1 . . . . 1 . 1 . . . . . . . . . . 1 Mask 2 | . . . 1 . . . . . . . . . . . . . . . . . 1 Tunnel 4 | . 2 . . . . . 1 1 . . . . . . . . . . . . . Scanalyzers . | . . . . . . . . . . . . . . . . . . . . . . Garrison Access 6 | . . . . . . . . 2 . 2 . . . . . . . . . . 2 Reprogram 3 | . . . . . . . . 1 . 1 . . . . . . . . . . 1 Watchers 3 | . . . . . . . . 1 . 1 . . . . . . . . . . 1 Data Cores Recovered 3 | . 1 . . . . . . 1 . 1 . . . . . . . . . . . Used 2 | . 1 . . . . . . . . 1 . . . . . . . . . . . Hacking Detections 53 | . 6 . 10 . . . 6 12 4 7 . . . . . 2 . . . . 6 Full Trace Events 17 | . 2 . 5 . . . . 2 2 4 . . . . . . . . . . 2 Feedback Events 1 | . . . . . . . . . . 1 . . . . . . . . . . . Corruption 1 | . . . . . . . . . . 1 . . . . . . . . . . . Feedback Blocked . | . . . . . . . . . . . . . . . . . . . . . . Robot Schematics Acquired 5 | . . . . . . . . 1 . . . . 4 . . . . . . . . Robots Built . | . . . . . . . . . . . . . . . . . . . . . . Authchips . | . . . . . . . . . . . . . . . . . . . . . . Time . | . . . . . . . . . . . . . . . . . . . . . . Total Robot Build Rating . | . . . . . . . . . . . . . . . . . . . . . . Part Schematics Acquired 19 | . . . 1 . . . 3 1 . . . . 14 . . . . . . . . Parts Built 1 | . . . . . . . . . . 1 . . . . . . . . . . . Authchips . | . . . . . . . . . . . . . . . . . . . . . . Time 51 | . . . . . . . . . . 51 . . . . . . . . . . . Total Part Build Rating 1 | . . . . . . . . . . 1 . . . . . . . . . . . Parts Repaired 7 | . 2 . 2 . . . 1 . 1 . . . . . . 1 . . . . . Time 300 | . 58 . 58 . . . 60 . 44 . . . . . . 80 . . . . . Parts Recycled . | . . . . . . . . . . . . . . . . . . . . . . Recycled Matter . | . . . . . . . . . . . . . . . . . . . . . . Retrieved Matter . | . . . . . . . . . . . . . . . . . . . . . . Retrieved Components 67 | . 16 . 19 . . . 9 6 7 9 . . . . . . . . . . 1 Parts Scanalyzed 3 | . . . . . . . 1 1 . . . . . . . . . . . . 1 Part Schematics Acquired 2 | . . . . . . . 1 1 . . . . . . . . . . . . . Parts Damaged . | . . . . . . . . . . . . . . . . . . . . . . Bothacking | -11 -10 -10 -9 -9 -9 -8 -8 -7 -7 -6 -6 -6 -6 -6 -5 -5 -5 -5 -5 -4 -4 ------------ Run | Scr Mat Min Mat Min Exi Min Mat Fac Sto Fac Low Low Zio Dee Pro Fac Upp Upp War Pro Fac Used RIF Installer . | . . . . . . . . . . . . . . . . . . . . . . Robots Hacked 1 | . . . . . . . . 1 . . . . . . . . . . . . . Non-combat 1 | . . . . . . . . 1 . . . . . . . . . . . . . Combat . | . . . . . . . . . . . . . . . . . . . . . . Robot Hacks Applied 1 | . . . . . . . . 1 . . . . . . . . . . . . . find_chute 1 | . . . . . . . . 1 . . . . . . . . . . . . . Relay Couplers Released . | . . . . . . . . . . . . . . . . . . . . . . Fabnet Peak Effective % . | . . . . . . . . . . . . . . . . . . . . . . Robots Rewired . | . . . . . . . . . . . . . . . . . . . . . . Allies Hacked . | . . . . . . . . . . . . . . . . . . . . . . Hacks Repelled . | . . . . . . . . . . . . . . . . . . . . . . Allies | -11 -10 -10 -9 -9 -9 -8 -8 -7 -7 -6 -6 -6 -6 -6 -5 -5 -5 -5 -5 -4 -4 -------- Run | Scr Mat Min Mat Min Exi Min Mat Fac Sto Fac Low Low Zio Dee Pro Fac Upp Upp War Pro Fac Total Allies 21 | . . . . 5 . . . . . 3 . . 7 . . . . . . . 6 Largest Group 7 | . . . . 5 5 . . . . 3 . . 7 4 . . . . . . 3 Highest-Rated Group 224 | . . . . 89 89 . . . . 87 . . 224 105 . . . . . . 141 Highest-Rated Ally 47 | . . . . 31 31 . . . . 29 . . 41 41 . . . . . . 47 Total Orders 12 | . . . . . 1 . . 3 . . 1 2 . . 5 . . . . . . STAY 1 | . . . . . 1 . . . . . . . . . . . . . . . . EXPLORE 5 | . . . . . . . . 2 . . 1 2 . . . . . . . . . RETURN 6 | . . . . . . . . 1 . . . . . . 5 . . . . . . Ally Attacks 132 | . . . . . 17 . . . . 37 . . . 47 13 . . . . . 18 Total Damage 2093 | . . . . . 145 . . . . 585 . . . 789 . . . . . . 574 Kills 18 | . . . . . 3 . . . . 5 . . . 8 . . . . . . 2 Allies Corrupted . | . . . . . . . . . . . . . . . . . . . . . . Allies Melted 2 | . . . . . . . . . . 1 . . . . . . . . . . 1 Intel | -11 -10 -10 -9 -9 -9 -8 -8 -7 -7 -6 -6 -6 -6 -6 -5 -5 -5 -5 -5 -4 -4 ------- Run | Scr Mat Min Mat Min Exi Min Mat Fac Sto Fac Low Low Zio Dee Pro Fac Upp Upp War Pro Fac Robot Analysis Total 9 | . 2 . 4 . . . 2 1 . . . . . . . . . . . . . Derelict Logs Recovered 9 | . . 1 . 1 . . . . . . 1 . 1 . . . 2 1 . 2 . Drone Launches 31 | . . . . . . . . 2 . . 1 2 . . 26 . . . . . . Drone Recoveries 16 | . . . . . . . . 1 . . . 2 . . 13 . . . . . . Exploration | -11 -10 -10 -9 -9 -9 -8 -8 -7 -7 -6 -6 -6 -6 -6 -5 -5 -5 -5 -5 -4 -4 ------------- Run | Scr Mat Min Mat Min Exi Min Mat Fac Sto Fac Low Low Zio Dee Pro Fac Upp Upp War Pro Fac Turns Passed 24171 | 116 939 727 1626 685 2191 18 2027 1451 1154 844 1352 2173 2048 1908 1514 635 419 707 869 472 296 Spaces Moved 12654 | 63 630 504 844 427 948 5 950 900 529 544 832 586 718 552 427 171 601 521 762 700 440 Core 924 | 6 . . . . . . . . . . . . . 9 . 36 517 284 . . 72 Treads 354 | . . . . . . . . . . . . 216 138 . . . . . . . . Legs 2291 | . . . . . 309 5 485 . . . . . 580 258 . 3 84 237 330 . . Wheels 6814 | 57 630 504 844 427 639 . 465 900 522 544 832 370 . . . 80 . . . . . Hover 2271 | . . . . . . . . . 7 . . . . 285 427 52 . . 432 700 368 Flight . | . . . . . . . . . . . . . . . . . . . . . . Fastest Speed 44 | 50 100 100 90 135 120 200 135 135 135 116 131 146 210 210 241 50 50 50 48 48 44 Average Speed 156 | 95 101 122 127 148 169 200 171 136 140 128 135 334 278 320 334 195 62 129 87 48 48 Slowest Speed 1900 | 100 105 135 150 150 270 200 200 215 550 150 146 560 560 1900 381 1500 140 300 141 48 105 Overloaded Moves . | . . . . . . . . . . . . . . . . . . . . . . Propulsion Burnouts . | . . . . . . . . . . . . . . . . . . . . . . Robots Hopped . | . . . . . . . . . . . . . . . . . . . . . . Cave-ins Triggered . | . . . . . . . . . . . . . . . . . . . . . . Exploration Rate (%) 58 | 3 89 95 74 89 89 7 53 36 58 20 84 77 90 75 70 6 55 75 59 80 13 Regions Visited 21 Branch Regions 14 Pre-discovered Areas 11 | . 2 1 . . 1 . 1 1 1 . . . 1 . . . 1 1 . 1 . Known Exits Taken 9 | . . . 1 . . 1 1 1 1 1 1 1 1 . . . . . . . . Unknown Exits Taken 12 | 1 1 1 . 1 1 . . . . . . . . 1 1 1 1 1 1 1 . Scrap Searched 27 | . . 1 . 3 . . . . . . 5 3 4 . 3 . 3 2 . 3 . Spaces Dug 192 | . . . 8 . . . 7 23 10 11 11 62 2 3 9 2 9 4 2 15 14 Terrain Destroyed 481 | . 46 30 26 . 18 . 29 23 42 57 51 71 2 15 16 5 9 4 2 15 20 Melee 86 | . . . . . . . 3 23 9 2 . 1 2 1 . 1 9 4 2 15 14 Projectile 93 | . . . . . . . . . 1 16 23 20 . 14 16 3 . . . . . AOE 301 | . 46 30 26 . 18 . 26 . 32 39 28 50 . . . . . . . . 6 Terrain Rammed . | . . . . . . . . . . . . . . . . . . . . . . Walls Destroyed . | . . . . . . . . . . . . . . . . . . . . . . Machines Disabled . | . . . . . . . . . . . . . . . . . . . . . . Actions | -11 -10 -10 -9 -9 -9 -8 -8 -7 -7 -6 -6 -6 -6 -6 -5 -5 -5 -5 -5 -4 -4 --------- Run | Scr Mat Min Mat Min Exi Min Mat Fac Sto Fac Low Low Zio Dee Pro Fac Upp Upp War Pro Fac Total 15635 | 88 834 603 1222 464 1385 9 1234 1035 823 653 998 719 746 630 494 361 621 537 943 765 471 Wait 1383 | . 107 74 163 22 227 . 91 42 152 56 99 68 7 8 30 84 . 1 127 24 1 Move 12633 | 62 629 503 843 426 947 4 949 899 528 543 831 585 717 551 426 170 600 520 761 699 440 Hop . | . . . . . . . . . . . . . . . . . . . . . . Pick Up 157 | 6 11 7 48 2 33 . 13 7 3 1 2 2 1 5 5 2 1 . 7 . 1 Fast Attach 144 | 6 5 3 8 . 8 . 20 1 12 6 3 4 6 15 4 9 9 6 12 5 2 Attach 84 | . 3 1 13 . 19 . 9 3 2 1 2 3 . 6 2 13 1 . 5 . 1 Detach 58 | . 3 . 7 . 12 . 9 . 2 1 4 1 1 3 3 3 . 1 6 2 . Swap 157 | . 13 6 15 3 11 . 16 21 41 6 8 4 . 3 4 5 . . . . 1 Drop 159 | . 6 4 27 4 26 . 18 6 14 4 5 . 3 7 8 8 1 2 13 2 1 Fire 560 | 14 57 5 98 7 52 . 106 10 47 25 36 28 . 31 12 32 . . . . . Melee 270 | . . . . . 50 . 3 38 20 2 6 24 11 1 . 31 9 7 11 33 24 Ram 5 | . . . . . . . . . 1 . . . . . . 4 . . . . . Kick 5 | . . . . . . 5 . . . . . . . . . . . . . . . Crush . | . . . . . . . . . . . . . . . . . . . . . . Escape Stasis 16 | . . . . . . . . 8 . 8 . . . . . . . . . . . Rewire 2 | . . . . . . . . . . . 2 . . . . . . . . . . Trap 2 | . . . . . . . . . 1 . . . . . . . . . 1 . . Miscellaneous . | . . . . . . . . . . . . . . . . . . . . . . Route ------- -11/Scrapyard -10/Materials (discovered 4 exits: *Mat x3 / [*Min]) -10/Mines (discovered 2 exits: *Mat x2) -9/Materials (discovered 3 exits: *Mat x2 / *Min) -9/Mines (discovered 2 exits: *Mat / *Exi) -9/Exiles (discovered 2 exits: [*Min x2]) -8/Mines -8/Materials (discovered 2 exits: *Fac x2) -7/Factory (discovered 6 exits: *Fac x2 / *Sto x2 / Low x2) -7/Storage -6/Factory (discovered 2 exits: *Low x2) -6/Lower Caves -6/Lower Caves (discovered 2 exits: *Fac / *Zio) -6/Zion (discovered 2 exits: *Dee / *Pro) -6/Deep Caves -5/Proximity Caves -5/Factory -5/Upper Caves -5/Upper Caves -5/Warlord -4/Proximity Caves -4/Factory History --------- Turn | Location | Event 18 | -11/Scrapyard | Discovered new exit (range 16) 117 | -11/Scrapyard | Entered Materials 298 | -10/Materials | Central database locked down 309 | -10/Materials | Build established: Mutant 410 | -10/Materials | Discovered new exit (range 16) 656 | -10/Materials | Discovered new exit (range 15) 786 | -10/Materials | Discovered new exit (range 12) 830 | -10/Materials | Core integrity fell below 50% 975 | -10/Materials | Discovered new exit (range 7) 1011 | -10/Materials | Repaired Seismic Detector 1044 | -10/Materials | Repaired Mni. Grenade Launcher 1056 | -10/Materials | Entered Mines 1057 | -10/Mines | Assembled infested the area 1062 | -10/Mines | Assisted by a Guerilla fighting off Assembled 1432 | -10/Mines | Discovered new exit (range 9) 1516 | -10/Mines | Discovered new exit (range 15) 1529 | -10/Mines | Learned location of Storage (-7) 1550 | -10/Mines | Learned Materials garrison access intel 1613 | -10/Mines | Received a Rocket Launcher from a helpful Derelict 1783 | -10/Mines | Entered Materials 1783 | -9/Materials | Evolved 2 slots: Utility x2 2466 | -9/Materials | Discovered new exit (range 13) 2513 | -9/Materials | Repaired Huge Storage Unit 2675 | -9/Materials | Discovered new exit (range 16) 2800 | -9/Materials | Destroyed 7 combat bots 2926 | -9/Materials | Repaired Hrd. Light Armor Plating 2951 | -9/Materials | Discovered new exit (range 8) 3088 | -9/Materials | Identified exit to Materials 3349 | -9/Materials | Identified exit to Mines 3383 | -9/Materials | First assault squad dispatched 3409 | -9/Materials | Entered Mines 3422 | -9/Mines | Met a Derelict bent on vengeance 3610 | -9/Mines | Discovered exit to Materials (range 4) 3667 | -9/Mines | Assisted by bots powering up and referring to "LRC-V3" 3958 | -9/Mines | Learned Materials trap positions 4034 | -9/Mines | Found the Drone Emporium 4045 | -9/Mines | Found Prototype Device 4080 | -9/Mines | Deemed a non-threat by the Exiles lab entrance 4080 | -9/Mines | Discovered new exit (range 5) 4094 | -9/Mines | Entered Exiles 4094 | -9/Exiles | Accompanied by 5 allies 4115 | -9/Exiles | Discovered new exit (range 15) 4124 | -9/Exiles | Led the pair of lost Derelicts to a safe place 4131 | -9/Exiles | Met 8R-AWN 4150 | -9/Exiles | Met EX-HEX 4224 | -9/Exiles | Met EX-DEC 4271 | -9/Exiles | Learned location of Zion (-6) 4365 | -9/Exiles | Discovered new exit (range 10) 4379 | -9/Exiles | Identified Bomb Drone Bay 4588 | -9/Exiles | Met EX-BIN 4601 | -9/Exiles | Aligned with FarCom system 4602 | -9/Exiles | Given EX-Vault access code 4630 | -9/Exiles | Opened EX-Vault 4636 | -9/Exiles | Found Superbattery 4643 | -9/Exiles | Found Skeleton Box 4647 | -9/Exiles | Found Supersonic Drone Bay 4671 | -9/Exiles | Warned to stay clear of 0b10 Research branches 4902 | -9/Exiles | Attacked by the Exiles 5090 | -9/Exiles | Destroyed 8R-AWN 5097 | -9/Exiles | Found Prototype Device 5097 | -9/Exiles | Identified AS-neutralizer No. 17b 5100 | -9/Exiles | Found Prototype Ballistic Gun 5103 | -9/Exiles | Found Prototype Ballistic Gun 5111 | -9/Exiles | Found Prototype Processor 5116 | -9/Exiles | Lost 8 parts (1p3n3u1w) 5214 | -9/Exiles | Core integrity fell below 50% 5240 | -9/Exiles | Identified 8R-AWN's Boregun (x2) 5246 | -9/Exiles | Core integrity fell below 20% 5262 | -9/Exiles | Lost 5 parts (1n2u2w) 5582 | -9/Exiles | Build established: Scavenger-Mutant 5613 | -9/Exiles | Destroyed EX-DEC 5628 | -9/Exiles | Destroyed EX-BIN 5650 | -9/Exiles | Destroyed EX-HEX 5874 | -9/Exiles | Found Prototype Processor 6031 | -9/Exiles | Identified Exp. Targeting Computer 6045 | -9/Exiles | Identified Exp. Core Analyzer 6285 | -9/Exiles | Stole three prototypes: Superbattery, Skeleton Box, Supersonic Drone Bay 6285 | -9/Exiles | Entered Mines 6287 | -8/Mines | Discovered exit to Materials (range 5) 6303 | -8/Mines | Entered Materials 6303 | -8/Materials | Evolved 2 slots: Utility x2 6304 | -8/Materials | Loaded intel: 12 trap records 6305 | -8/Materials | Loaded intel: 1 garrison access location 6713 | -8/Materials | Lost 3 parts (2u1w) 7040 | -8/Materials | Discovered new exit (range 15) 7455 | -8/Materials | Discovered new exit (range 5) 8025 | -8/Materials | Identified exit to Factory 8254 | -8/Materials | Repaired Enh. Autogun 8303 | -8/Materials | First assault squad dispatched 8330 | -8/Materials | Entered Factory 8330 | -7/Factory | Evolved 2 slots: Utility x2 8632 | -7/Factory | Discovered new exit (range 7) 8639 | -7/Factory | Identified exit to Storage 8724 | -7/Factory | Discovered new exit (range 17) 8779 | -7/Factory | Identified exit to Factory 8971 | -7/Factory | Discovered exit to Factory (range 90) 9641 | -7/Factory | Identified exit to Lower Caves 9781 | -7/Factory | Entered Storage 10183 | -7/Storage | Learned location of Armory (-3) 10223 | -7/Storage | Remotely autohacked Sealed Heavy Doors 10770 | -7/Storage | Discovered exit to Factory (range 6) 10804 | -7/Storage | Repaired Powered Hammer 10935 | -7/Storage | Entered Factory 10935 | -6/Factory | Evolved 2 slots: Power x1, Propulsion x1 11347 | -6/Factory | Fabricated Huge Storage Unit? 11557 | -6/Factory | Garrison activated, responded to threat 11609 | -6/Factory | Identified exit to Lower Caves 11779 | -6/Factory | Entered Lower Caves 11844 | -6/Lower Caves | Learned Factory stockpile data 11854 | -6/Lower Caves | Encountered a Warlord checkpoint 11951 | -6/Lower Caves | Remotely autohacked Sealed Heavy Doors 12673 | -6/Lower Caves | Discovered new exit (range 11) 12871 | -6/Lower Caves | Attacked by a delusional Derelict stockpiling parts 13129 | -6/Lower Caves | Identified exit to Lower Caves 13131 | -6/Lower Caves | Entered another Lower Caves area 13210 | -6/Lower Caves | Discovered new exit (range 25) 13657 | -6/Lower Caves | Attracted the attention of an 0b10 checkpoint 14074 | -6/Lower Caves | Spotted MO-FEB(f) 14075 | -6/Lower Caves | Encountered a Master Thief 14075 | -6/Lower Caves | Spotted 7J-QL4(f) 14076 | -6/Lower Caves | Encountered a Master Thief 14076 | -6/Lower Caves | Spotted RY-AO7(f) 14076 | -6/Lower Caves | Spotted 30-DSW(f) 14077 | -6/Lower Caves | Encountered a Master Thief 14077 | -6/Lower Caves | Encountered a Master Thief 14078 | -6/Lower Caves | Superbattery stolen by Master Thief 14079 | -6/Lower Caves | Destroyed RY-AO7(f) 14083 | -6/Lower Caves | Destroyed 7J-QL4(f) 14083 | -6/Lower Caves | Skeleton Box stolen by Master Thief 14090 | -6/Lower Caves | Destroyed MO-FEB(f) 14110 | -6/Lower Caves | Discovered new exit (range 14) 14308 | -6/Lower Caves | Identified exit to Zion 15304 | -6/Lower Caves | Entered Zion 15484 | -6/Zion | Discovered new exit (range 16) 15610 | -6/Zion | Build established: Mutant 15647 | -6/Zion | Identified exit to Proximity Caves 16332 | -6/Zion | Gained Derelict followers 16510 | -6/Zion | Build established: Derelict-Mutant 16935 | -6/Zion | Imprinted 16937 | -6/Zion | Declared Zion's savior 17336 | -6/Zion | Discovered new exit (range 3) 17341 | -6/Zion | Identified exit to Deep Caves 17343 | -6/Zion | Saw the warning signs outside the Deep Caves entrance 17352 | -6/Zion | Entered Deep Caves 17352 | -6/Deep Caves | Accompanied by 7 allies 17598 | -6/Deep Caves | Attacked by Z-Imprinter 17659 | -6/Deep Caves | Core integrity fell below 50% 17667 | -6/Deep Caves | Destroyed Z-Imprinter 17692 | -6/Deep Caves | Lost 12 parts (1p3n6u2w) 17878 | -6/Deep Caves | Found Prototype Protection 17878 | -6/Deep Caves | Identified Zio. Weapon Casing 17928 | -6/Deep Caves | Found Zio. Weapon Casing 18056 | -6/Deep Caves | Z-Facility disabled 18154 | -6/Deep Caves | Build established: Scavenger-Mutant 19242 | -6/Deep Caves | Discovered new exit (range 6) 19260 | -6/Deep Caves | Entered Proximity Caves 20744 | -5/Proximity Caves | Discovered new exit (range 10) 20774 | -5/Proximity Caves | Entered Factory 20774 | -5/Factory | Evolved 2 slots: Propulsion x2 21010 | -5/Factory | Repaired Cold Fusion Reactor 21213 | -5/Factory | Garrison activated, responded to threat 21281 | -5/Factory | Lost 16 parts (3p5n5u3w) 21338 | -5/Factory | Lost 3 parts (2n1u) 21375 | -5/Factory | Core integrity fell below 50% 21403 | -5/Factory | Lost 5 parts (1n3u1w) 21404 | -5/Factory | Discovered new exit (range 13) 21409 | -5/Factory | Entered Upper Caves 21430 | -5/Upper Caves | Build established: Mutant 21556 | -5/Upper Caves | Attracted the attention of an 0b10 outpost 21752 | -5/Upper Caves | Learned Factory terminal intel 21771 | -5/Upper Caves | Discovered new exit (range 7) 21828 | -5/Upper Caves | Entered another Upper Caves area 21828 | -5/Upper Caves | Spotted 3X-43W(f) 21829 | -5/Upper Caves | Encountered a Master Thief 21829 | -5/Upper Caves | Superbattery stolen by Master Thief 21832 | -5/Upper Caves | Spotted WG-ZUG(f) 21833 | -5/Upper Caves | Encountered a Master Thief 21839 | -5/Upper Caves | Destroyed WG-ZUG(f) 22000 | -5/Upper Caves | Build established: Derelict-Mutant 22523 | -5/Upper Caves | Discovered new exit (range 5) 22535 | -5/Upper Caves | Entered Warlord 22582 | -5/Warlord | System corruption cleaned by Quarantine Array 22698 | -5/Warlord | Rebuked by Warlord 22723 | -5/Warlord | Warlord's base attacked by MAIN.C 22853 | -5/Warlord | Found Prototype Reactor 22853 | -5/Warlord | Identified Vortex Chain Reactor 23034 | -5/Warlord | Core integrity fell below 20% 23073 | -5/Warlord | Warlord forces counterattacked 23094 | -5/Warlord | Found Prototype Hackware 23098 | -5/Warlord | Found Prototype Processor 23133 | -5/Warlord | Spotted B-86 Titan 23141 | -5/Warlord | Spotted B-75 Beast 23201 | -5/Warlord | Discovered new exit (range 14) 23223 | -5/Warlord | Spotted Executioner 23223 | -5/Warlord | Spotted Executioner 23323 | -5/Warlord | Spotted Striker 23330 | -5/Warlord | Build established: Scavenger-Mutant 23336 | -5/Warlord | P-80 Master assimilated allied W7-87H(g) 23398 | -5/Warlord | Warlord base infiltrated, sounded retreat 23404 | -5/Warlord | Entered Proximity Caves 23443 | -4/Proximity Caves | Learned Research emergency access door positions 23503 | -4/Proximity Caves | Attracted the attention of an 0b10 checkpoint 23861 | -4/Proximity Caves | Discovered new exit (range 9) 23866 | -4/Proximity Caves | Learned location of Testing (-3) 23876 | -4/Proximity Caves | Entered Factory 23876 | -4/Factory | Evolved 2 slots: Propulsion x1, Utility x1 23877 | -4/Factory | Loaded intel: 28 terminal locations 23911 | -4/Factory | Identified System Mapper 24126 | -4/Factory | First assault squad dispatched 24137 | -4/Factory | Core integrity fell below 50% 24163 | -4/Factory | Lost 10 parts (1p3n5u1w) 24167 | -4/Factory | Core integrity fell below 20% 24172 | -4/Factory | Destroyed by G-67 Veteran with Plasma Rifle Last Messages --------------- 24130_ Penetrated by Slug. 24131_ Exp. Heat Sink destroyed. 24131_ Penetrated by Slug. 24132_ Slug penetrates Terminal. 24132_ Penetrated by Slug. 24132_ Power Maul destroyed. 24132_ Slug penetrates Terminal. 24132_ Penetrated by Slug. 24133_ Slug penetrates Wall. 24134_ Power Maul severed. 24136_ Slug penetrates Terminal. 24137_ Terminal collapses. 24137_ Terminal disabled. 24137_ The unstable cave ceiling collapses. 24138_ G-67 Veteran destroyed. 24139_ Penetrated by Slug. 24139_ Slug penetrates Wall. 24141_ System Mapper severed. 24147_ U-05 Engineer lays Concrete. 24171_ Enh. Optical Array severed. Map ----- +----------------------------------------------------+ | ?????????????????????????????????????????????????? | | ????????????????????????????##???????????????????? | | ????????????????????????????#"##################?? | | ?????????????????????????????# #?? | | ????????""T""????????????????# ] ] """ #?? | | ????????"""""????????????????# T" #?? | | ?????????????????????????????# """ #?? | | ?????????????????????????????# #?? | | ?????????????????????????????# """"""""" #?? | | ????????????????????????????## #?? | | ????????????????????????????#"########+#########?? | | ????????????????????????????# #???????? | | ????????????????????????????# ########? | | ????????????????????????????# | | ??????##########????????????# = ######### | | ??????# #????????????# # | | ??????? #????????????# # """" | | ??????? #????????????# " " # """" | | ######??*** ???????? # " " # """ | | #??** ???????? + " " # | | #???* """????????? # " " # """" | | #??? """????????####### " " + """" | | #???? ""???????????????# " " # """ | | #???? ???????????????# " " # | | #?####+################# " " # | | #?# c c @ """ " " # | | #?# "G # | | #?# gg """ ######### | | #?# g #???????? | | % #?# g #???????? | | #?# ############+########## #???????? | | ####+### #?????# #??# ######### | | # #?????# "" #??# | | # ####### """" """ #??# | | # / """" R" #??# | | # ####### """" """ #??# | | # #?????# """" "" #??# | | # ######+####### """" #??############### | | # # # """" #????????????????? | | # # # #????????????????? | | + + """""" # #????????????????? | | # # """""" # #????????????????? | | # # """""" # #????????????????? | | # # """""" ##############????????????????? | | # # #?????????????????????????????? | | # # #?????????????????????????????? | | # * #?????????????????????????????? | | # #?????????????????????????????? | | # "Y" #?????????????????????????????? | | # """ #?????????????????????????????? | +----------------------------------------------------+ Best States ------------- Heat Dissipation 107 Energy Generation 70 Energy Capacity 800 Matter Stores 536 Matter Capacity 550 Sight Range 22 Robot Scan Range 16 Terrain Scan Density 210 Jamming Range 16 Power Amplification 30 Additional Mass Support 9 Corruption Block 8 Armor Coverage 1050 Resistance: KI 20 Resistance: TH 10 Core Shielding 30 Propulsion Shielding 66 Utility Shielding 66 Weapon Shielding 100 Weapon Cycling 25 Evasion (%) 56 Targeting Accuracy 12 Melee Accuracy 8 Core Analysis 8 Recoil Reduction 1 Kinecelleration 30 Salvage Targeting 4 Offensive Hacking 32 Defensive Hacking 12 Authchip Count 1 Item Schematics ----------------- Huge Storage Unit | -9/Materials | Hacked System Shield | -8/Materials | Hacked Hacking Suite | -8/Materials | Hacked Adv. Myomer Leg | -8/Materials | Scanalyzed Mak. Power Source | -7/Factory | Scanalyzed Mak. Transmission Jammer | -6/Zion | Archive Variable Charge Gun | -6/Zion | Archive Thermal Shield | -6/Zion | Archive Imp. Recalibrator | -6/Zion | Archive Imp. Remote Shield | -6/Zion | Archive Magnetic Acceleration Cannon | -6/Zion | Archive Field Propulsion Drive | -6/Zion | Archive Adv. Cooling System | -6/Zion | Archive Plasma Flamer | -6/Zion | Archive Mass Driver | -6/Zion | Archive Mni. Drone Bay | -6/Zion | Archive Adv. Cryofiber Web | -6/Zion | Archive Hpw. Shock Rifle | -6/Zion | Archive Drone Bay | -6/Zion | Archive Robot Schematics ------------------ H-55 Commando | -7/Factory | Hacked X-77 Beamer | -6/Zion | Archive R-06 Scavenger | -6/Zion | Archive S-27 Virus | -6/Zion | Archive G-50 Soldier | -6/Zion | Archive Fabricated ------------ Huge Storage Unit | x1 | -6/Factory Alien Tech Used ----------------- None Achievements -------------- None Challenges ------------ None Game ------ Seed MetafieldDerelictShearcannon Manual? 0 Play Time 03:10:05 Cumulative 533.0 hours Start 2022.05.30 @ 12:53:39 End 2022.05.30 @ 16:11:40 Sessions 1 Manual Loads 0 Difficulty Rogue Special Mode None Game No. 431 Rogue 431 Adventurer 0 Explorer 0 Win Type - Total 4 Types 3/0/0/1/0/0/0/0/0 Lore% 71 Gallery% 82 Achievement% 66 Wizard Run 0 Options --------- ASCII 0 Keyboard 1 Movement Numpad Keybinds 0 Fullscreen 1 Font 12/Terminus Map View 83x54 Tactical HUD 1 Map Filters NONE Filters NONE Steam 1 RUN: c36599b3-3763-411b-b217-69863b9677f0